AoeStats
← [LMB] Ginger le Grand

QS Arena

503139331Analyzed
4v4 RM · 2mo ago on Aug 30, 2026· 51m 46s· 8 players
Game mode
Random Map
Map size
Large (8 player)
Population
200
Speed
Normal
Resources
Standard
Victory
Conquest
Starting age
Dark Age
Ending age
Imperial Age
RankedLock teamsTeams togetherTeam positionsShared explorationLock speedFull tech treeHidden civsTurbo modeCheats
Victory
Defeat
🇹🇼 Hindustanis · Taiwan
1270
+13
🇦🇷 Bohemians · Argentina
1249
+14
🇯🇵 Britons · Japan
1230
+15
🇨🇳 Lithuanians · China
1153
+18
vs
🇺🇸 Turks · United States
1274
-18
🇬🇧 Khitans · United Kingdom
1209
-15
🇫🇷 Poles · France
1185
-14
🇦🇺 Huns · Australia
1154
-13
Stratty
9:08 Feudal Age
8:01 Loom
11:04 Wheelbarrow
15:18 Castle Age
14:49 Forging
14:45 Scale Barding Armor
16:06 Husbandry
26:40 Iron Casting
26:36 Chain Barding Armor
28:55 Hand Cart
28:35 Domestication
32:14 Pastoralism
32:04 Double-Bit Axe
33:00 Gold Mining
35:44 Imperial Age
33:55 Bow Saw
36:48 Heavy Camel Rider
38:06 Plate Barding Armor
44:46 Conscription
[LMB] Ginger le Grand
8:48 Feudal Age
13:29 Castle Age
14:20 Double-Bit Axe
14:16 Horse Collar
22:50 Bow Saw
23:10 Heavy Plow
23:36 Loom
23:37 Town Watch
25:00 Wheelbarrow
25:06 Gold Mining
31:08 Padded Archer Armor
33:58 Imperial Age
32:04 Fletching
33:09 Bodkin Arrow
33:32 Leather Archer Armor
34:33 Thumb Ring
36:32 Conscription
36:14 Bracer
36:45 Ring Archer Armor
37:35 Heavy Cavalry Archer
39:30 Bombard Tower
41:25 Hand Cart
41:10 Town Patrol
48:26 Bombard Tower
La Teigne
8:58 Feudal Age
12:58 Castle Age
10:54 Horse Collar
11:33 Double-Bit Axe
13:59 Bow Saw
13:51 Heavy Plow
19:55 Wheelbarrow
21:53 Hand Cart
25:41 Imperial Age
23:01 Loom
23:03 Town Watch
24:09 Scale Mail Armor
24:19 Forging
25:09 Gold Mining
25:12 Stone Mining
25:52 Chain Mail Armor
25:29 Fletching
26:07 Squires
25:52 Arson
27:22 Chemistry
26:28 Siege Engineers
27:27 Stone Shaft Mining
27:43 Plate Mail Armor
28:03 Iron Casting
28:04 Crop Rotation
27:48 Elite Obuch
29:03 Pikeman
30:46 Blast Furnace
29:41 Bodkin Arrow
32:50 Masonry
35:06 Bracer
35:06 Padded Archer Armor
35:39 Fortified Wall
35:02 Crossbowman
35:47 Thumb Ring
36:03 Arbalester
37:40 Leather Archer Armor
44:29 Ballistics
Snoopy X
0:58 Loom
2:12 Loom
8:22 Feudal Age
9:14 Horse Collar
9:20 Double-Bit Axe
10:01 Gold Mining
14:31 Wheelbarrow
17:32 Castle Age
18:42 Heavy Plow
18:55 Bow Saw
19:47 Gold Shaft Mining
19:04 Stone Mining
19:51 Masonry
20:40 Forging
20:35 Scale Barding Armor
23:09 Scale Barding Armor
23:28 Ballistics
24:38 Hand Cart
24:09 Town Watch
25:40 Iron Casting
25:58 Chain Barding Armor
29:55 Imperial Age
27:55 Town Patrol
28:35 Fletching
28:43 Murder Holes
29:32 Marauders
31:10 Conscription
30:14 Elite Tarkan
31:57 Blast Furnace
31:32 Plate Barding Armor
30:59 Bodkin Arrow
31:27 Husbandry
31:38 Bloodlines
32:07 Cavalier
33:51 Paladin
36:00 Bracer
Veritas of the Dark
8:38 Feudal Age
12:42 Castle Age
10:49 Double-Bit Axe
11:08 Horse Collar
13:40 Bow Saw
14:18 Heavy Plow
16:10 Wheelbarrow
16:01 Loom
19:59 Scale Barding Armor
21:00 Bloodlines
21:06 Gold Mining
24:04 Forging
24:22 Husbandry
25:22 Chain Barding Armor
26:17 Iron Casting
26:42 Gold Shaft Mining
30:52 Imperial Age
29:45 Hand Cart
29:15 Town Watch
30:59 Heavy Camel Rider
32:22 Plate Barding Armor
32:30 Conscription
32:13 Grand Trunk Road
34:26 Chemistry
33:20 Imperial Camel Rider
36:27 Blast Furnace
38:10 Fletching
38:13 Stone Mining
39:35 Bodkin Arrow
40:24 Shatagni
48:51 Bracer
49:15 Ballistics
48:52 Murder Holes
Ken
7:56 Feudal Age
12:17 Castle Age
10:51 Double-Bit Axe
10:48 Horse Collar
14:36 Loom
15:11 Bow Saw
19:20 Wheelbarrow
21:56 Hand Cart
23:58 Heavy Plow
26:59 Imperial Age
25:18 Husbandry
25:29 Bloodlines
25:27 Scale Barding Armor
26:18 Gold Mining
26:18 Stone Mining
27:37 Chain Barding Armor
27:27 Forging
28:10 Conscription
28:36 Town Watch
28:16 Cavalier
30:23 Iron Casting
30:28 Stone Shaft Mining
30:59 Plate Barding Armor
33:17 Paladin
35:39 Chemistry
34:20 Treadmill Crane
34:36 Murder Holes
37:13 Caravan
38:16 Light Cavalry
39:57 Hill Forts
41:34 Pikeman
42:14 Squires
43:13 Elite Leitis
43:56 Scale Mail Armor
43:57 Padded Archer Armor
45:20 Tower Shields
45:49 Chain Mail Armor
45:34 Padded Archer Armor
45:51 Padded Archer Armor
45:41 Fletching
sada-aki
4:31 Loom
8:33 Feudal Age
9:01 Double-Bit Axe
13:42 Castle Age
12:11 Horse Collar
14:38 Bow Saw
16:10 Gold Mining
18:43 Fletching
24:55 Crossbowman
30:30 Padded Archer Armor
33:12 Ballistics
32:59 Bodkin Arrow
34:18 Treadmill Crane
42:26 Fortified Wall
42:51 Murder Holes
43:41 Leather Archer Armor
50:44 Imperial Age
48:52 Wheelbarrow
49:19 Yeomen
50:31 Hand Cart
52:29 Chemistry
50:53 Arbalester
Newell's
8:25 Feudal Age
9:33 Loom
12:22 Castle Age
11:20 Double-Bit Axe
11:47 Horse Collar
15:04 Bow Saw
18:01 Town Watch
20:56 Wheelbarrow
20:34 Heavy Plow
28:17 Imperial Age
26:50 Chemistry
26:10 Hand Cart
27:10 Padded Archer Armor
28:14 Leather Archer Armor
29:22 Conscription
28:27 Houfnice
29:37 Siege Engineers
30:53 Masonry
32:54 Ring Archer Armor
32:14 Fletching
36:53 Architecture
36:22 Bodkin Arrow
36:37 Elite Skirmisher
39:45 Ballistics
39:27 Bracer
40:05 Wagenburg Tactics
Connection lost

Rejoining the realm…

Still unreachable

The connection could not be restored.

Session expired

The server has moved on; the page needs a fresh start.